 Dungeon Crawl Stone Soup version 0.22.1-2-g9c5b331383 (webtiles) character file.

50 Gargoyl the Skirmisher (level 3, 0/24 HPs)
             Began as a Centaur Abyssal Knight on Jan 6, 2019.
             Was a Follower of Lugonu.
             Slain by a gnoll
             ... wielding a +0 whip
              (2 damage)
             ... on level 1 of the Dungeon.
             The game lasted 00:01:55 (1292 turns).

Gargoyl the Skirmisher (Centaur Abyssal Knight)     Turns: 1292, Time: 00:01:56

Health: 0/24       AC:  9    Str: 14    XL:     3   Next: 55%
Magic:  4/4        EV:  7    Int: 11    God:    Lugonu [*.....]
Gold:   148        SH:  0    Dex: 14    Spells: 2/2 levels left

rFire    . . .     SeeInvis .   a - +1 hand axe
rCold    . . .     Gourm    .   (no shield)
rNeg     . . .     Faith    .   d - +0 plate armour
rPois    .         Spirit   .   f - +0 helmet
rElec    .         Reflect  .   (no cloak)
rCorr    .         Harm     .   (no gloves)
MR       .....                  (no barding)
Stlth    ..........             (no amulet)
HPRegen  0.08/turn              (no ring)
MPRegen  0.09/turn              (no ring)

@: agile, very quick
A: large, hooves 3, deformed body, speed 2, [frail 2], tough skin 3
a: Depart the Abyss, Renounce Religion


You were on level 1 of the Dungeon.
You worshipped Lugonu.
Lugonu was aware of your devotion.
You were hungry.

You visited 1 branch of the dungeon, and saw 2 of its levels.
You visited the Abyss 1 time.

You collected 148 gold pieces.

Inventory:

Hand Weapons
 a - a +1 hand axe (weapon)
Armour
 d - a +0 plate armour (worn)
 f - a +0 helmet (worn)
Jewellery
 i - a cursed amulet of inaccuracy {unknown}
Potions
 b - a potion of curing {unknown}
 g - a potion of heal wounds {unknown}
 j - a potion of cancellation {unknown}
Comestibles
 c - 4 rations


   Skills:
 + Level 3.5 Fighting
 + Level 2.3 Axes
 * Level 1.8 Armour
 * Level 1.1 Dodging
 * Level 2.3 Invocations


You had 2 spell levels left.
You didn't know any spells.
Your spell library contained the following spells:

 Spells                   Type           Power        Failure   Level  Hunger
 Poisonous Vapours        Pois/Air       #.....       100%        2    ###....
 Conjure Flame            Conj/Fire      #.......     100%        3    ####...
 Mephitic Cloud           Conj/Pois/Air  #.......     100%        3    ####...
 Freezing Cloud           Conj/Ice/Air   #.........   100%        6    #######
 Ring of Flames           Chrm/Fire      #.........   100%        7    #######


Dungeon Overview and Level Annotations

Branches:
Dungeon (2/15)

Altars:


Innate Abilities, Weirdness & Mutations

You have hooves in place of feet.
Armour fits poorly on your strangely shaped body.
You cover ground very quickly.
You have extremely tough skin. (AC +3)
[You are very frail. (-20% HP)]


Message History

* * * LOW HITPOINT WARNING * * *
The jackal bites you but does no damage.
The gnoll hits you with a whip.
* * * LOW HITPOINT WARNING * * *
You climb upwards.
There is a stone staircase leading down here.
You see here a club.
You closely miss the jackal. Your kick misses the jackal.
The jackal is heavily wounded.
You hit the gnoll.
The jackal bites you but does no damage.
The jackal bites you.
* * * LOW HITPOINT WARNING * * *
The gnoll hits you with a whip.
* * * LOW HITPOINT WARNING * * *
It was a potion of agility.
You feel agile all of a sudden.
The jackal bites you but does no damage.
The gnoll hits you with a whip.
You die...

.......#######..###...........#
..................#...........#
.......#######..#.#...........#
.......# #...#.#...........#
.......# ####.....#.#.#####.###
.......# #.......##....# #...#
######## #.####........# ###.#
#.# #.g.####.# #.# #.#
#.@......# #.# #.# #.h#######
#.# #.####...# ##### #.###
#.......## ##.<.# #...# #######
#######.## ##...######.#
#.....# #...# #(..##># #.#
##.....# #.#####...#.≈# #.#
.......########.# #...##.≈# #.#
................# ##...#.≈≈#
#.#


You could see a gnoll and a jackal.

Vanquished Creatures
  2 gnolls (D:2)
  A dart slug (D:1)
  A giant cockroach (D:1)
  5 goblins (D:1)
  7 hobgoblins (D:1)
  A jackal (D:2)
  4 kobolds (D:1)
  2 bats (D:1)
  2 frilled lizards (D:1)
  2 rats (D:1)
27 creatures vanquished.

Notes
Turn   | Place    | Note
-------+----------+-------------------------------------------
     0 | Abyss:1  | Gargoyl the Centaur Abyssal Knight began the quest for the
                  | Orb.
     0 | Abyss:1  | Reached XP level 1. HP: 19/19 MP: 2/2
    97 | Abyss:2  | Noticed a smoke demon
    98 | Abyss:2  | Noticed an ancient zyme
   141 | Abyss:2  | Noticed a wretched star
   141 | Abyss:2  | Noticed a tentacled starspawn
   144 | D:1      | Escaped the Abyss
   187 | D:1      | Reached * piety under Lugonu
   370 | D:1      | Reached XP level 2. HP: 19/20 MP: 3/3
   589 | D:1      | Reached skill level 1 in Dodging
  1154 | D:1      | Reached XP level 3. HP: 23/24 MP: 4/4
  1292 | D:1      | Slain by a gnoll

Skill      XL: |  1  2 |
---------------+-------+-----
Dodging        | 1 |  1.1
Axes           | 2 |  2.3
Fighting       | |  3.5
Armour         | |  1.8
Invocations    | |  2.3

Action                   || total
-------------------------++-------
Melee: Hand axe          ||    71
       Kick              ||     8
Invok: Depart the Abyss  ||     1
  Use: Scroll            ||     2
       Potion            ||     2
Armor: Plate armour      ||    81
Dodge: Dodged            ||     6
